 Dungeon Crawl Stone Soup version 0.32-a0-871-ge202e49faa (webtiles) character file.

Game seed: 986269584361654185

378 DEFE the Chopper (level 6, -4/47 HPs)
             Began as a Coglin Fighter on Mar 29, 2024.
             Engulfed by a steam dragon's steam (9 damage)
             ... on level 5 of the Dungeon.
             The game lasted 00:01:38 (1777 turns).

DEFE the Chopper (Coglin Fighter)                   Turns: 1777, Time: 00:01:40

Health: -4/47      AC:  7    Str: 16 (19) XL:     6   Next: 74%
Magic:  6/6        EV:  8    Int:  7      God:
Gold:   100        SH:  0    Dex: 10 (13) Spells: 5/5 levels left

rFire   . . .        a - +0 war axe {Kai}
rCold   . . .        q - +2 whip (elec) {Chang}
rNeg    . . .        b - +0 scale mail
rPois   .            n - +0 helmet
rElec   .            (no cloak)
rCorr   .            (no gloves)
SInv    .            (no boots)
Will    .....        (amulet unavailable) Stlth
                     (ring unavailable)
HPRegen 0.27/turn    (ring unavailable)
MPRegen 0.10/turn    (no gizmo)

%: no passive effects
@: revving
A: off-hand wielding, slow wielding, warmup strikes, no jewellery
a: Invent Gizmo


You were on level 5 of the Dungeon.
You visited 1 branch of the dungeon, and saw 5 of its levels.

You collected 100 gold pieces.

Inventory:

Hand Weapons
 a - a +0 war axe (weapon) {Kai}
 e - a +0 war axe {Shedsu-nefertum}
 q - a +2 whip of electrocution (offhand) {Chang}
Armour
 b - a +0 scale mail (worn)
 c - a +0 buckler
 n - a +0 helmet (worn)
Wands
 d - a wand of flame (12)
Scrolls
 g - a scroll of fog {unknown}
 i - 2 scrolls of identify {unknown}
 j - 2 scrolls of silence
 k - a scroll of summoning {unknown}
Potions
 f - a potion of degeneration
 h - 3 potions of curing {unknown}
 l - a potion of mutation {unknown}
 m - a potion of brilliance {unknown}
 o - 2 potions of heal wounds {unknown}
 p - a potion of ambrosia {unknown}


   Skills:
 - Level 3.0 Fighting
 + Level 7.0 Axes
 - Level 2.6 Armour
 - Level 2.1 Shields


You had 5 spell levels left.
You didn't know any spells.
Your spell library contained the following spells:

 Spells                   Type           Power      Damage    Failure   Level
 Static Discharge         Conj/Air       0%         3-3/arc   94%         2
 Airstrike                Air            0%         2d(0-16)  100%        4
 Summon Lightning Spire   Summ/Air       0%         N/A       100%        4


Dungeon Overview and Level Annotations

Branches:
Dungeon (6/15)
 Temple: D:4-7

Altars:


Innate Abilities, Weirdness & Mutations

You can wield a second weapon in your off-hand.
It takes a long time for you to wield or remove held weapons.
Your first few attacks do less damage.
You cannot equip rings or amulets.


Message History

Found 10 gold pieces.
The steam dragon breathes steam at you. The ball of steam hits you!
An ufetubus comes into view.
The killer bee stings you but does no damage.
You hear a shout!
Unknown command.
You miss the killer bee with your +0 war axe.
You hit the killer bee with your +2 whip of electrocution.
You are engulfed in a cloud of scalding steam.
The killer bee completely misses you.
The killer bee stings you but does no damage.
Unknown command.
You barely miss the killer bee with your +2 whip of electrocution.
The killer bee is moderately wounded.
You barely miss the killer bee with your +0 war axe.
The killer bee closely misses you. The steam dragon breathes steam at you.
The ball of steam hits you!
The killer bee stings you but does no damage.
You hear a bark!
Found a yellow potion.
You are engulfed in a cloud of scalding steam.
The killer bee stings you.
* * * LOW HITPOINT WARNING * * *
The steam dragon bites you but does no damage.
The steam dragon claws you.
* * * LOW HITPOINT WARNING * * *
The killer bee stings you.
* * * LOW HITPOINT WARNING * * *
Unknown command.
Unknown command.
You hit the steam dragon with your +2 whip of electrocution.
Lightning courses through the steam dragon!!
The steam dragon is almost dead.
You barely miss the steam dragon with your +0 war axe.
You miss the killer bee with your +0 war axe.
You barely miss the scorpion with your +0 war axe.
You are engulfed in a cloud of scalding steam.
You die...

##.........#
%#....#.......#:#...#$#.
##...##........#B..#...#
##....###..............
##.....#.#...#...#...#
##............#.#...#!#.
.##..>.........#..5#...#
##......##§§...ys.......
.# .....###§§)..@D.# .#
##..##....##....# #
#........####...#
#####....##..# #.##
.##....####.## ##
###.#### ### .#..# ##.##
##.#


You could see a steam dragon, a scorpion, a killer bee and an ufetubus.

Vanquished Creatures
  Sigmund (D:2)
  A scorpion (D:5)
  A hound (D:5)
  2 orc wizards (D:3)
  Robin (D:2)
  An adder (D:2)
  A dart slug (D:1)
  4 orcs
  4 bats
  3 endoplasms
  A giant cockroach (D:1)
  14 goblins
  3 hobgoblins (D:2)
  10 jackals
  A quokka (D:1)
  2 frilled lizards
  2 rats (D:1)
52 creatures vanquished.

Notes
Turn   | Place    | Note
-------+----------+-------------------------------------------
     0 | D:1      | DEFE the Coglin Fighter began the quest for the Orb.
     0 | D:1      | Reached XP level 1. HP: 18/18 MP: 1/1
   172 | D:1      | Reached XP level 2. HP: 23/24 MP: 2/2
   372 | D:1      | Reached skill level 3 in Axes
   605 | D:2      | Noticed Sigmund
   613 | D:2      | Killed Sigmund
   614 | D:2      | Reached skill level 5 in Axes
   614 | D:2      | Reached XP level 3. HP: 25/29 MP: 3/3
   614 | D:2      | Reached XP level 4. HP: 31/35 MP: 4/4
   614 | D:2      | Reached XP level 5. HP: 36/41 MP: 5/5
   936 | D:2      | Noticed Robin
   942 | D:2      | Reached skill level 6 in Axes
   947 | D:2      | Killed Robin
   948 | D:2      | Reached XP level 6. HP: 20/47 MP: 6/6
  1577 | D:3      | You fall into a shaft and drop 3 floors!
  1647 | D:5      | Entered Level 5 of the Dungeon
  1713 | D:5      | Reached skill level 7 in Axes
  1771 | D:5      | Noticed a steam dragon
  1777 | D:5      | Engulfed by a steam dragon's steam

Illustrated notes

Levels and vault maps discovered:
D:1:      psy_arrival_conway, layout_basic, grunt_decor_junction
D:2:      layout_loops_cross, serial_glass, glass_columns_a, glass_columns_a,
          ebering_dispersal_statue_hall, mrwooster_statue_mirror, st_stairs_4,
          uniq_robin, uniq_sigmund
D:3:      due_chaos_kobolds, layout_basic, lemuel_crystal_altar
D:5:      cheibrodos_fzero, layout_cave_pools, minmay_temple_entry_poolview,
          nicolae_ossuary_entry_giza, minmay_misc_feat_rugged,
          grunt_ministairs_8, nrook_pool_corridor
D:6:      layout_gridville, serial_shops, nicolae_shop_dealshenge,
          nicolae_shop_i_like_big_books

Skill      XL: |  1  2  3  4  5  6 |
---------------+-------------------+-----
Axes           | 5 6 7 |  7.0
Fighting       | |  3.0
Armour         | |  2.6
Shields        | |  2.1

Action                     |  1- 3 |  4- 6 || total
---------------------------+-------+-------++-------
  Melee: War axe           |    57 |   102 ||   159
         Whip              |       |     3 ||     3
    Use: Potion            |       |     2 ||     2
         Scroll            |       |     1 ||     1
 Armour: Scale mail        |    29 |    76 ||   105
  Dodge: Dodged            |    17 |    44 ||    61
  Block: Buckler           |     1 |       ||     1

Table legend: (Time is in decaauts)
 A = Elapsed time spent in this place.
 B = Non-inter-level travel time spent in this place.
 C = Inter-level travel time spent in this place.
 D = Time resting spent in this place.
 E = Time spent auto-exploring this place.
 F = Levels seen in this place.
 G = Mean time per level.
                   A        B        C        D        E       F      G
               +--------+--------+--------+--------+--------+-----+--------+
         Total |   1805 |   1703 |    102 |    258 |   1079 |   5 |  361.0 |
       Dungeon |   1805 |   1703 |    102 |    258 |   1079 |   5 |  361.0 |
               +--------+--------+--------+--------+--------+-----+--------+

Top non-repeatable levels by time:
     D:2: 758 daAuts
     D:1: 602 daAuts
     D:3: 242 daAuts
     D:5: 131 daAuts
     D:6: 69 daAuts
